 Dungeon Crawl Stone Soup version 0.30-a0-639-g3916f1956a (webtiles) character file.

Game seed: 17629903491437540470

25 xSliceyx the Covered (level 2, 0/26 HPs)
             Began as an Armataur Fighter on Jan 16, 2023.
             Slain by Terence
             ... wielding a +0 falchion
              (3 damage)
             ... on level 2 of the Dungeon.
             The game lasted 00:03:03 (879 turns).

xSliceyx the Covered (Armataur Fighter)              Turns: 879, Time: 00:03:04

Health: 0/26       AC:  7    Str: 21    XL:     2   Next: 86%
Magic:  2/2        EV:  7    Int:  8    God:
Gold:   20         SH:  4    Dex:  9    Spells: 1/1 levels left

rFire   . . .      SeeInvis .    k - +0 spear (vamp)
rCold   . . .      Faith    .    c - +0 buckler
rNeg    . . .      Spirit   .    b - +0 scale mail
rPois   .          Reflect  .    (no helmet)
rElec   .          Harm     .    (no cloak)
rCorr   .          Roll     +    (no gloves)
Will    .....                    (no barding) Stlth
                                 (no amulet)
HPRegen 0.24/turn                (no ring)
MPRegen 0.08/turn                (no ring)

@: no status effects
A: large, rugged brown scales 3, deformed body, armoured tail, roll, long
tongue, awkward tongue
a: no special abilities


You were on level 2 of the Dungeon.
You visited 1 branch of the dungeon, and saw 2 of its levels.

You collected 20 gold pieces.

Inventory:

Hand Weapons
 a - a +0 war axe
 k - a +0 vampiric spear (weapon)
Armour
 b - a +0 scale mail (worn)
 c - a +0 buckler (worn)
 i - a +0 chain mail
Potions
 d - a potion of might
 e - a potion of flight {unknown}
 f - a potion of cancellation {unknown}
 g - a potion of ambrosia {unknown}
 h - a potion of mutation {unknown}
 j - a potion of magic {unknown}


   Skills:
 - Level 2.6 Fighting
 - Level 1.5 Axes
 + Level 4.4 Armour
 + Level 4.0 Shields


You had one spell level left.
You didn't know any spells.
Your spell library was empty.

Dungeon Overview and Level Annotations

Branches:
Dungeon (2/15)

Altars:

Annotations:
D:2 Terence


Innate Abilities, Weirdness & Mutations

You are completely covered in rugged brown scales. (AC +3, +7% HP)
Armour fits poorly on your strangely shaped body.
You have a long armoured tail.
You roll when moving toward enemies. (Rampage)
Your long tongue fully drains potion bottles. (2x potion effects)
Your tongue gives you trouble enunciating. (1.5x scroll delay)


Message History

k - a +0 vampiric spear You feel a sense of dread.
k - a +0 vampiric spear (weapon)
Reach: k) +0 spear (vamp)
Press: ? - help, Dir - move target, f - Terence
Aim: Terence, wielding a +0 falchion and wearing a +0 chain mail (about 35% to evade your +0 vampiric spear)
You reach to attack!
You closely miss Terence. You hit Terence.
Terence is lightly wounded.
You block Terence's attack.
You barely miss Terence.
Terence is lightly wounded.
Terence barely misses you.
You hit Terence.
Terence is moderately wounded.
Terence hits you with a +0 falchion!
You hit Terence but do no damage.
Terence is moderately wounded.
Terence barely misses you.
You hit Terence.
You feel better.
Terence is moderately wounded.
Terence hits you with a +0 falchion!
You hit Terence.
You feel better.
Terence is heavily wounded.
Terence hits you with a +0 falchion. Terence hits you but does no damage.
You hit Terence but do no damage.
Your tail-slap misses Terence.
Terence is heavily wounded.
Terence hits you with a +0 falchion.
* * * LOW HITPOINT WARNING * * *
You closely miss Terence.
Terence is heavily wounded.
Terence hits you with a +0 falchion.
* * * LOW HITPOINT WARNING * * *
You hit Terence but do no damage.
Terence is heavily wounded.
Terence hits you but does no damage.
You barely miss Terence.
Terence is heavily wounded.
Terence hits you with a +0 falchion.
You die...

#.....#
#.###.### #.#
#...### #.#
###...## ..#
###..# #####
##.##### #
.....
#.....#####.#
#####
#####.......###
###@.......
#@.......
#........
.........
.....!##.
#......#
#......#
########


You could see Terence.

Vanquished Creatures
  2 endoplasms (D:1)
  2 giant cockroaches (D:1)
  2 goblins (D:1)
  4 hobgoblins (D:1)
  A quokka (D:2)
  2 ball pythons (D:1)
  A bat (D:1)
  A frilled lizard (D:1)
  5 kobolds (D:1)
  4 rats
24 creatures vanquished.

Notes
Turn   | Place    | Note
-------+----------+-------------------------------------------
     0 | D:1      | xSliceyx the Armataur Fighter began the quest for the Orb.
     0 | D:1      | Reached XP level 1. HP: 19/19 MP: 1/1
    45 | D:1      | You fall into a shaft and drop 1 floor!
   108 | D:1      | Reached XP level 2. HP: 12/26 MP: 2/2
   512 | D:1      | Found a faded altar of an unknown god.
   864 | D:2      | Noticed Terence
   879 | D:2      | Slain by Terence

Illustrated notes

Levels and vault maps discovered:
D:1:      dpeg_arrival_connections, layout_loops_ring,
          shapermc_ecumenical_altar_notcrosses, minmay_misc_feat_secret_circle,
          chequers_jeans
D:2:      layout_basic, nicolae_kite_square_tiling_tiny, uniq_terence

Skill      XL: |  1  2 |
---------------+-------+-----
Armour         | 4 |  4.4
Shields        | 4 |  4.0
Fighting       | |  2.6
Axes           | |  1.5

Action                   || total
-------------------------++-------
Melee: War axe           ||    54
       Spear             ||    11
       Tailslap          ||     5
Armor: Scale mail        ||    34
Dodge: Dodged            ||    19
Block: Buckler           ||    13

Table legend: (Time is in decaauts)
 A = Elapsed time spent in this place.
 B = Non-inter-level travel time spent in this place.
 C = Inter-level travel time spent in this place.
 D = Time resting spent in this place.
 E = Time spent auto-exploring this place.
 F = Levels seen in this place.
 G = Mean time per level.
                   A        B        C        D        E       F      G
               +--------+--------+--------+--------+--------+-----+--------+
         Total |    904 |    877 |     27 |     45 |    677 |   2 |  452.0 |
       Dungeon |    904 |    877 |     27 |     45 |    677 |   2 |  452.0 |
               +--------+--------+--------+--------+--------+-----+--------+

Top non-repeatable levels by time:
     D:1: 767 daAuts
     D:2: 137 daAuts
